 Dungeon Crawl Stone Soup version 0.20-a0-81-g6e69d53 (webtiles) character file.

793 FrankyJ the Skirmisher (level 7, -12/64 HPs)
             Began as a Minotaur Chaos Knight on Nov 21, 2016.
             Mangled by cptwinky's ghost (21 damage)
             ... on level 5 of the Dungeon.
             The game lasted 00:09:19 (4329 turns).

FrankyJ the Skirmisher (Minotaur Chaos Knight)      Turns: 4329, Time: 00:09:19

Health: -12/64     AC:  8    Str: 18    XL:     7   Next: 57%
Magic:  6/6        EV: 13    Int:  9    God:    Xom [.*....]
Gold:   199        SH:  4    Dex: 10    Spells: 0 memorised, 6 levels left

rFire  . . .     SeeInvis .     a - +0 mace (chaos)
rCold  . . .     Gourm    .     b - +2 leather armour
rNeg   . . .     Faith    .     (no shield)
rPois  .         Spirit   .     (helmet restricted)
rElec  .         Reflect  .     i - +0 cloak
rCorr  .         Harm     .     (no gloves)
MR     .....                    j - +0 pair of boots
Stlth  +.........               o - amulet of magic regeneration
                                (no ring)
                                (no ring)

@: about to teleport
A: retaliatory headbutt, beak, hooves 1, horns 2, large bone plates 1, sense
surroundings 1
a: Renounce Religion


You were on level 5 of the Dungeon.
You worshipped Xom.
You were a plaything of Xom.
You were not hungry.

You visited 1 branch of the dungeon, and saw 5 of its levels.

You collected 199 gold pieces.

Inventory:

Hand Weapons
 a - a +0 mace of chaos (weapon)
 m - a +0 whip of electrocution
Missiles
 w - 2 tomahawks (quivered)
Armour
 b - a +2 leather armour (worn)
 i - a +0 cloak (worn)
 j - a +0 pair of boots (worn)
 q - a +0 shield
 t - a +2 robe of magic resistance
Jewellery
 o - an amulet of magic regeneration (around neck)
 y - an uncursed ring of protection from fire {unknown}
Wands
 g - a wand of iceblast (7/15)
 v - a wand of paralysis (0/24)
 x - a wand of confusion (19/48)
Scrolls
 e - a scroll of fear
 f - 4 scrolls of teleportation
 z - a scroll of identify
Potions
 h - a potion of cure mutation {unknown}
 p - a potion of heal wounds {unknown}
 r - 2 potions of curing {unknown}
 s - a potion of flight {unknown}
Comestibles
 c - 4 bread rations
 d - 2 fruits
 k - 2 meat rations
 l - a beef jerky
 n - a royal jelly


   Skills:
 * Level 6.7 Fighting
 + Level 5.4 Maces & Flails
 + Level 4.4 Armour
 + Level 4.5 Dodging
 * Level 3.6 Shields


You had 6 spell levels left.
You didn't know any spells.

Dungeon Overview and Level Annotations

Branches:
Dungeon (5/15)
 Temple: D:4-7

Altars:

Annotations:
D:5 cptwinky's ghost, legendary DDBe


Innate Abilities, Weirdness & Mutations

You reflexively headbutt those who attack you in melee.
You have a pair of horns on your head.
You have a beak for a mouth.
You have large cloven feet.
You are partially covered in large bone plates. (SH +4)
You passively map a small area around you.


Message History

You now have 177 gold pieces (gained 5).
You now have 187 gold pieces (gained 10).
You now have 199 gold pieces (gained 12).
z - a scroll of identify All of the chunks of flesh in your inventory have rotted away.
Cptwinky's ghost (legendary Deep Dwarf Berserker) comes into view.
It is wielding a weapon of freezing.
A quokka comes into view.
Cptwinky's ghost turns its malevolent gaze towards you.
The quokka moves out of view.
You barely miss cptwinky's ghost. Cptwinky's ghost hits you!!!
Ouch! That really hurt!
Xom roars with laughter!
Cptwinky's ghost freezes you!
* * * LOW HITPOINT WARNING * * *
A howler monkey comes into view.
The howler monkey howls!
As you read the scroll of teleportation, it crumbles to dust.
You feel strangely unstable. Cptwinky's ghost hits you!!
You die...
Xom howls with laughter!

* , , , #.. #....# ,*,
*#.. #....# * , #.., ,
*#....# , #h# **+
#....# ,* ##.## #....#
* , , , ... , * #....#
, ,#####W# #....# ,
..#....@########....#
*#...................#
....r##.########...##
, #... #....# #...#
..., #....######...#
,.. ,#.............# #
.. #.............# *
#. #.............#
..#.............# ,


You could see a howler monkey, cptwinky's ghost and a quokka.

Vanquished Creatures
  Duvessa (D:4)
  A slave (D:3)
  A scorpion (D:5)
  A bullfrog zombie (D:5)
  A hound (D:4)
  A centaur skeleton (D:4)
  An iguana (D:5)
  3 gnolls (D:4)
  3 adders
  An adder zombie (D:5)
  An adder skeleton (D:4)
  3 worms
  A dart slug (D:3)
  A leopard gecko (D:1)
  3 orcs
  A ball python (D:2)
  A giant cockroach (D:1)
  5 goblins
  10 hobgoblins
  8 jackals
  A quokka (D:2)
  11 bats
  5 frilled lizards (D:2)
  4 kobolds
  7 rats
76 creatures vanquished.

Vanquished Creatures (collateral kills)
  Pikel (D:3)
  Dowan (D:4)
2 creatures vanquished.

Grand Total: 78 creatures vanquished

Notes
Turn   | Place    | Note
-------+----------+-------------------------------------------
     0 | D:1      | FrankyJ the Minotaur Chaos Knight began the quest for the Orb.
     0 | D:1      | Reached XP level 1. HP: 19/19 MP: 0/0
    22 | D:1      | XOM: harmless Erth miscast
   573 | D:2      | Reached XP level 2. HP: 27/27 MP: 1/1
   581 | D:2      | XOM: harmless Fire miscast
   976 | D:1      | Reached skill level 4 in Fighting
  1013 | D:1      | Reached XP level 3. HP: 33/33 MP: 2/2
  1100 | D:1      | XOM: mild Air miscast
  1399 | D:1      | XOM: medium Summ miscast
  1400 | D:1      | Noticed a spatial vortex
  1400 | D:1      | Noticed a spatial vortex
  2006 | D:2      | Reached XP level 4. HP: 41/41 MP: 3/3
  2267 | D:3      | XOM: harmless Ice miscast
  2648 | D:3      | XOM: noise
  3119 | D:4      | XOM: enchant monster (bad)
  3124 | D:4      | XOM: mild Divn miscast
  3153 | D:4      | Noticed Duvessa
  3153 | D:4      | Noticed Dowan
  3157 | D:4      | XOM: summons friendly white imp
  3165 | D:4      | Killed Duvessa
  3165 | D:4      | Reached skill level 5 in Fighting
  3165 | D:4      | Reached XP level 5. HP: 34/48 MP: 4/4
  3185 | D:4      | Killed Dowan
  3265 | D:4      | XOM: harmless Hex miscast
  3477 | D:4      | Noticed a slave
  3478 | D:4      | Noticed Pikel
  3478 | D:4      | Noticed a slave
  3479 | D:4      | Noticed a slave
  3515 | D:4      | XOM: divination: detect creatures
  3518 | D:4      | XOM: confuse monster(s)
  3684 | D:3      | Killed a slave
  3812 | D:4      | XOM: divination: detect creatures
  3813 | D:4      | Paralysed by Pikel for 6 turns
  3820 | D:3      | XOM: cast spell 'Spider Form'
  3822 | D:3      | Paralysed by Pikel for 7 turns
  3827 | D:3      | XOM: cast spell 'Summon Horrible Things'
  3830 | D:3      | Killed Pikel
  3830 | D:3      | Reached skill level 6 in Fighting
  3830 | D:3      | Reached skill level 5 in Maces & Flails
  3830 | D:3      | Reached XP level 6. HP: 35/58 MP: 5/5
  3830 | D:3      | Reached XP level 7. HP: 39/64 MP: 6/6
  3939 | D:4      | XOM: cleaving
  4091 | D:4      | XOM: give mutations
  4091 | D:4      | Gained mutation: You have large cloven feet. [Xom's grace]
  4091 | D:4      | Gained mutation: You passively map a small area around you. [Xom's grace]
  4091 | D:4      | Gained mutation: You have a beak for a mouth. [Xom's grace]
  4091 | D:4      | Gained mutation: You are partially covered in large bone plates. (SH +4) [Xom's grace]
  4209 | D:5      | Entered Level 5 of the Dungeon
  4327 | D:5      | Noticed cptwinky's ghost (legendary DDBe)
  4329 | D:5      | Mangled by cptwinky's ghost

Vault maps used:
D:1:      tarquinn_simple_flora_water_a
D:2:      first_bread
D:3:      uniq_iyjb
D:4:      uniq_duvessa, uniq_pikel

Skill      XL: |  1  2  3  4  5  6  7 |
---------------+----------------------+-----
Dodging        | 2 3 4 |  4.5
Fighting       | 4 5 6 |  6.7
Maces & Flails | 4 5 |  5.4
Armour         | 3 4 |  4.4
Shields        | 2 3 |  3.6

Action                   |  1- 3 |  4- 6 |  7- 9 || total
-------------------------+-------+-------+-------++-------
Melee: Mace              |    71 |    19 |    46 ||   136
       Headbutt          |    10 |    10 |     6 ||    26
       Whip              |    19 |    54 |       ||    73
       Unarmed           |       |     4 |       ||     4
       Peck              |       |       |     4 ||     4
Throw: Tomahawk          |       |     2 |       ||     2
Evoke: Wand              |       |     1 |       ||     1
  Use: Scroll            |     6 |     2 |     1 ||     9
 Stab: Confused          |       |       |     1 ||     1
  Eat: Chunk             |     3 |     6 |     2 ||    11
Armor: Leather armour    |    57 |    24 |    13 ||    94
Dodge: Dodged            |    59 |    42 |    29 ||   130
